AoeStats
← LE FURET

Black Forest

507181790Analyzed
4v4 RM · 16d ago on Sep 17, 2026· 49m 3s· 8 players
Game mode
Random Map
Map size
Large (8 player)
Population
200
Speed
Normal
Resources
Standard
Victory
Conquest
Starting age
Dark Age
Ending age
Imperial Age
RankedLock teamsTeams togetherTeam positionsShared explorationLock speedFull tech treeHidden civsTurbo modeCheats
Victory
Defeat
🇲🇽 Saracens · Mexico
1332
+15
🇨🇱 Goths · Chile
1279
+17
🇺🇸 Persians · United States
1277
+17
🇨🇦 Mongols · Canada
1240
+18
🇦🇹 Sicilians · Austria
1359
-19
🇨🇳 Khmer · China
1300
-17
🇲🇦 Burgundians · Morocco
1291
-16
🇬🇹 Portuguese · Guatemala
1255
-15
No-One-Knows-Me
1:41 Loom
6:56 Double-Bit Axe
12:11 Feudal Age
10:47 Horse Collar
17:20 Castle Age
17:08 Heavy Plow
17:24 Bow Saw
19:24 Wheelbarrow
20:33 Two-Man Saw
20:53 Gold Mining
21:16 Town Watch
21:52 Stone Mining
23:06 Hand Cart
29:44 Imperial Age
27:20 Scale Mail Armor
28:19 Scale Barding Armor
28:24 Forging
27:48 Pikeman
28:28 Squires
29:59 Chain Mail Armor
30:22 Halberdier
32:16 Plate Mail Armor
31:57 Forging
31:33 Cavalier
32:14 Husbandry
35:30 Chain Barding Armor
35:18 Paladin
40:28 Caravan
40:59 Coinage
43:17 Plate Barding Armor
43:18 Iron Casting
44:37 Conscription
Tappia5863
2:44 Loom
10:44 Feudal Age
16:29 Castle Age
14:44 Double-Bit Axe
15:42 Stone Mining
17:47 Wheelbarrow
17:28 Bow Saw
19:55 Horse Collar
21:04 Gold Mining
25:10 Hand Cart
26:44 Bloodlines
34:24 Imperial Age
35:31 Arquebus
35:29 Fletching
36:11 Conscription
37:08 Chemistry
38:59 Careening
39:23 Fortified Wall
39:25 Masonry
40:23 Two-Man Saw
39:26 Heavy Plow
40:37 Siege Engineers
40:27 Murder Holes
40:54 Ballistics
41:52 Architecture
41:48 Sappers
41:44 Elite Organ Gun
43:24 Pikeman
44:05 Scale Mail Armor
44:15 Forging
44:25 Guilds
44:15 Caravan
44:19 Treadmill Crane
46:35 Iron Casting
46:15 Chain Mail Armor
45:25 Halberdier
48:03 Blast Furnace
47:33 Plate Mail Armor
da.mighty.sloth
0:49 Loom
15:01 Feudal Age
21:03 Castle Age
19:17 Double-Bit Axe
19:35 Horse Collar
20:48 Gold Mining
20:50 Stone Mining
31:25 Fletching
32:32 Scale Mail Armor
34:15 Chain Mail Armor
36:59 Wheelbarrow
37:27 Bodkin Arrow
38:36 Squires
38:22 Arson
38:47 Man-at-Arms
39:13 Gambesons
40:46 Long Swordsman
44:58 Imperial Age
43:37 Gold Mining
44:31 Forging
44:21 Padded Archer Armor
43:44 Pikeman
44:58 Hand Cart
44:59 Onager
46:56 Chemistry
46:19 Ballistics
46:35 Bracer
46:35 Two-Handed Swordsman
48:12 Siege Engineers
47:41 Champion
JieX
6:30 Loom
9:15 Feudal Age
9:59 Double-Bit Axe
17:31 Castle Age
17:47 Horse Collar
18:52 Heavy Plow
19:37 Bow Saw
22:22 Scale Barding Armor
27:11 Wheelbarrow
32:06 Imperial Age
30:04 Stone Mining
30:51 Gold Mining
33:00 Gold Shaft Mining
33:19 Hand Cart
33:30 Conscription
33:04 Town Watch
32:53 Pikeman
34:38 Man-at-Arms
35:44 Forging
35:35 Scale Mail Armor
35:18 Long Swordsman
35:47 Two-Handed Swordsman
35:48 Halberdier
40:30 Iron Casting
40:11 Chain Mail Armor
40:17 Chain Mail Armor
42:02 Blast Furnace
41:35 Fletching
42:05 Chain Barding Armor
42:08 Elite Ballista Elephant
42:50 Bodkin Arrow
42:59 Padded Archer Armor
44:57 Ballistics
45:37 Chemistry
46:24 Bracer
46:43 Leather Archer Armor
46:49 Chain Barding Armor
le Alexis Á
5:16 Loom
11:11 Feudal Age
15:56 Castle Age
14:44 Double-Bit Axe
16:05 Horse Collar
22:05 Town Watch
26:42 Wheelbarrow
29:58 Coinage
30:54 Heavy Plow
33:51 Imperial Age
32:09 Fletching
33:34 Hand Cart
33:44 Gold Mining
33:52 Bodkin Arrow
33:58 Padded Archer Armor
34:58 Masonry
35:32 Bracer
35:08 Capped Ram
37:17 Chemistry
41:25 Padded Archer Armor
42:25 Siege Engineers
45:23 Leather Archer Armor
46:01 Banking
45:50 Scale Barding Armor
45:55 Forging
45:26 Siege Ram
46:49 Ring Archer Armor
HellSong
1:25 Loom
11:41 Feudal Age
14:07 Horse Collar
16:44 Castle Age
14:46 Double-Bit Axe
17:43 Bow Saw
17:35 Heavy Plow
18:49 Wheelbarrow
23:47 Gold Mining
26:53 Hand Cart
27:50 Ballistics
28:39 Bloodlines
29:32 Thumb Ring
29:48 Husbandry
29:45 Fletching
29:56 Padded Archer Armor
30:45 Bodkin Arrow
31:57 Stone Mining
32:55 Light Cavalry
34:52 Leather Archer Armor
39:01 Imperial Age
41:07 Chemistry
42:05 Elite Mangudai
43:07 Conscription
43:51 Caravan
46:39 Gold Shaft Mining
46:42 Stone Shaft Mining
48:24 Elite Skirmisher
49:30 Parthian Tactics
49:08 Bracer
Fs.Caboclo
7:16 Loom
11:52 Feudal Age
15:57 Castle Age
14:18 Double-Bit Axe
17:29 Bow Saw
21:25 Horse Collar
26:48 Wheelbarrow
28:56 Imperial Age
26:59 Gold Mining
26:59 Town Watch
28:55 Gold Shaft Mining
28:11 Stone Mining
28:23 Heavy Plow
28:35 Forging
28:30 Scale Barding Armor
28:59 Hand Cart
30:18 Iron Casting
30:57 Two-Man Saw
30:39 Chain Barding Armor
31:41 Conscription
33:47 Blast Furnace
33:51 Chemistry
32:26 Cavalier
33:06 Husbandry
33:17 Bloodlines
35:00 Plate Barding Armor
34:27 Savar
35:44 Stone Shaft Mining
35:52 Scale Mail Armor
40:15 Chain Mail Armor
41:19 Elite War Elephant
42:10 Citadels
43:46 Plate Mail Armor
48:00 Crossbowman
48:45 Thumb Ring
48:31 Fletching
48:42 Padded Archer Armor
49:04 Ballistics
48:57 Light Cavalry
LE FURET
2:19 Loom
14:46 Feudal Age
14:57 Man-at-Arms
15:26 Double-Bit Axe
22:27 Castle Age
21:34 Scale Mail Armor
21:45 Forging
22:51 Horse Collar
23:22 Bow Saw
22:41 Long Swordsman
25:23 Wheelbarrow
26:10 Pikeman
30:36 Chain Mail Armor
30:25 Anarchy
31:34 Gold Mining
36:53 Hand Cart
36:45 Heavy Plow
38:20 Iron Casting
41:01 Imperial Age
41:11 Two-Handed Swordsman
41:11 Halberdier
42:59 Blast Furnace
42:06 Champion
42:47 Squires
46:39 Two-Man Saw
47:08 Caravan
47:32 Onager
Connection lost

Rejoining the realm…

Still unreachable

The connection could not be restored.

Session expired

The server has moved on; the page needs a fresh start.